 Dungeon Crawl Stone Soup version 0.16.1-16-gc44b35d (webtiles) character file.

8897 ventricule the Carver (level 11, -7/89 HPs)
             Began as a Formicid Chaos Knight on Apr 17, 2015.
             Mangled by a troll (9 damage)
             ... on level 11 of the Dungeon.
             The game lasted 00:40:26 (13939 turns).

ventricule the Carver (Formicid Chaos Knight)      Turns: 13939, Time: 00:40:28

Health: -7/89      AC: 13    Str: 14      XL:     11   Next: 64%
Magic:  15/15      EV: 14    Int: 13      God:    Xom [*.....]
Gold:   554        SH:  0    Dex: 12 (13) Spells: 0 memorised, 10 levels left

rFire  . . .     SeeInvis +     a - +1 falchion (chaos)
rCold  . . .     Clarity  +     b - +3 leather armour
rNeg   . . .     SustAb   .     (no shield)
rPois  +         Gourm    .     (helmet unavailable)
rElec  .         Spirit   .     G - +1 cloak {MR+}
rCorr  .         Warding  .     K - +2 pair of gloves
rMut   .         Stasis   +     (no boots)
MR     +++..                    S - amulet of regeneration
Stlth  ++........               t - ring of poison resistance
                                l - ring of stealth

@: extremely resistant to hostile enchantments, unstealthy
A: permanent stasis, dig shafts and tunnels, four strong arms, antennae 3, thin
metallic scales 1, clarity, magic resistance 1, poison resistance, weak 1
a: Dig, Shaft Self, Renounce Religion


You were on level 11 of the Dungeon.
You worshipped Xom.
You were a special plaything of Xom.
You were hungry.

You visited 1 branch of the dungeon, and saw 11 of its levels.

You collected 689 gold pieces.
You spent 135 gold pieces at shops.


Innate Abilities, Weirdness & Mutations

You are under a permanent stasis effect.
You can dig through walls and to a lower floor.
Your four strong arms can wield two-handed weapons with a shield.
You have a pair of large antennae on your head (SInv).
You are partially covered in thin metallic scales (AC +2).
You possess an exceptional clarity of mind.
You are resistant to hostile enchantments.
Your system is resistant to poisons.
You are weak. (Str -2)


   Skills:
 - Level 9.1 Fighting
 - Level 14.0 Long Blades
 - Level 2.1 Armour
 + Level 5.8 Dodging


You had 10 spell levels left.
You didn't know any spells.

Inventory:

Hand weapons
 a - a +1 falchion of chaos (weapon)
 k - a +0 long sword of holy wrath
 v - a +0 blowgun
Missiles
 e - a throwing net {=f}
 w - 3 poisoned needles
Armour
 b - a +3 leather armour (worn)
 o - a +1 cloak of poison resistance
 x - a +2 robe of magic resistance
 G - a +1 cloak of magic resistance (worn)
 K - a +2 pair of gloves (worn)
 Q - a +0 leather armour
Magical staves
 E - a staff of summoning
Jewellery
 i - an amulet of warding
 l - a ring of stealth (left hand)
 s - an amulet of the gourmand
 t - a ring of poison resistance (right hand)
 y - a ring of ice
 A - a ring of loudness
 M - a ring of teleportation
 S - an amulet of regeneration (around neck)
Magical devices
 g - a wand of paralysis (0)
Scrolls
 z - 2 scrolls of immolation {!r}
 B - 3 scrolls of recharging
 F - 3 scrolls of enchant armour
 J - 2 scrolls of remove curse
 P - a scroll of enchant weapon
 U - a scroll of random uselessness {unknown}
Potions
 d - 2 potions of decay {!q}
 f - 3 potions of resistance
 h - 2 potions of ambrosia {unknown}
 m - 2 potions of restore abilities
 n - 2 potions of agility
 p - 2 potions of degeneration {unknown}
 q - 2 potions of mutation {unknown}
 u - 3 potions of heal wounds {unknown}
 D - a potion of invisibility
 O - a potion of brilliance {unknown}
 R - a potion of curing {@q1}
Books
 C - a book of Party Tricks
 H - a book of the Earth
 L - a book of Transfigurations
Comestibles
 c - 15 bread rations
 j - a royal jelly
 r - 4 meat rations
 I - a beef jerky

Dungeon Overview and Level Annotations

Branches:
Dungeon (11/15)            Temple (0/1) D:6            Lair (0/8) D:10
    Orc (0/4) D:10

Altars:
Nemelex Xobeh
Okawaru
Sif Muna
Trog
Vehumet
Xom
Zin
The Shining One

Shops:
D:8 [   D:9 : D:10

: #..## #...## ##
#....### ..###......#
..........# #.......#
### ##.....## #.#
....#####.......###.#
....(((.a.....#.##..#
...(...T####.......##
......# ####..####.#
./....###....## ###
.............#
....{######.# .. #.#
. #.# . #.#


You could see a troll (berserk).


Message History

The troll completely misses you.
You closely miss the troll.
The troll is severely wounded.
The troll bites you. The troll barely misses you.
The troll claws you but does no damage.
You slash the troll!
You heal the troll.
The troll is heavily wounded. x2
The troll barely misses you. The troll claws you!
The troll claws you but does no damage.
You hit the troll but do no damage.
The troll is poisoned.
The troll is heavily wounded.
The troll misses you. The troll claws you. The troll claws you!
* * * LOW HITPOINT WARNING * * *
You barely miss the troll.
The troll is heavily wounded.
The troll closely misses you. x2
The troll barely misses you.
Use which ability? (? or * to list) Are you sure you want to shaft yourself?
You feel quite a bit more hungry. The troll bites you!
* * * LOW HITPOINT WARNING * * *
The troll closely misses you. The troll claws you but does no damage.
You sense a monster nearby. x7
The troll misses you. The troll claws you!!
* * * LOW HITPOINT WARNING * * *
The troll misses you. The troll bites you!
* * * LOW HITPOINT WARNING * * *
The troll claws you!
You die...
Xom titters!

Action                   |  1- 3 |  4- 6 |  7- 9 | 10-12 || total
-------------------------+-------+-------+-------+-------++-------
Melee: Falchion          |    74 |   232 |   406 |   599 ||  1311
       Long sword        |       |       |       |     8 ||     8
Throw: Javelin           |       |       |    36 |    23 ||    59
       Tomahawk          |       |       |     4 |    14 ||    18
 Abil: Dig               |     1 |     1 |     5 |    10 ||    17
       Shaft Self        |       |       |     1 |     2 ||     3
       Spit Poison       |       |       |       |     3 ||     3
Evoke: Wand              |       |       |     4 |       ||     4
  Use: Scroll            |       |     9 |     8 |     2 ||    19
       Potion            |       |       |     4 |     1 ||     5
 Stab: Petrified         |       |     3 |     1 |     3 ||     7
       Confused          |       |     3 |     1 |     2 ||     6
       Sleeping          |       |     3 |       |     5 ||     8
       Paralysed         |       |     4 |     5 |     6 ||    15
       Distracted        |       |       |     1 |     2 ||     3
       Petrifying        |       |       |       |     4 ||     4
       Invisible         |       |       |       |     4 ||     4
  Eat: Chunk             |     1 |     5 |    11 |    18 ||    35
       Pizza             |       |     1 |     1 |     1 ||     3
       Beef jerky        |       |     1 |       |     1 ||     2
       Fruit             |       |       |     4 |       ||     4

Vault maps used:
D:1:      minmay_arrival_jagged, tso_metal_star
D:2:      serial_park_tiny_1, uniq_robin
D:3:      old_standard_altar, lemuel_doored_altar
D:4:      first_bread
D:6:      minmay_temple_entry_overgrown, uniq_edmund
D:7:      kennysheep_mini_moat, okawaru_metal_pillars_3, grunt_livestock,
          uniq_eustachio
D:8:      gammafunk_temple_overflow_elements, serial_shops, shop, uniq_erolcha
D:9:      serial_shops, shop
D:10:     dpeg_lair_monsters, david_orc_3, serial_shops, shop
D:11:     uniq_joseph

Notes
Turn   | Place    | Note
--------------------------------------------------------------
     0 | D:1      | ventricule, the Formicid Chaos Knight, began the quest for the Orb.
     0 | D:1      | Reached XP level 1. HP: 18/18 MP: 1/1
    67 | D:1      | Found a glowing golden altar of the Shining One.
    78 | D:1      | XOM: smoke on damage
   341 | D:1      | Reached XP level 2. HP: 22/24 MP: 3/3
   675 | D:1      | XOM: harmless Air miscast
   734 | D:1      | XOM: mild Chrm miscast
   813 | D:1      | XOM: mild Pois miscast
  1084 | D:2      | Noticed Robin
  1094 | D:2      | Reached skill level 4 in Long Blades
  1094 | D:2      | Reached XP level 3. HP: 29/29 MP: 4/4
  1097 | D:2      | XOM: potion effect (agility)
  1114 | D:2      | Killed Robin
  1228 | D:2      | XOM: enchant monster (good)
  1231 | D:2      | Reached XP level 4. HP: 20/35 MP: 5/5
  1706 | D:2      | XOM: god gift: 2 steel tomahawks
  1717 | D:2      | Reached skill level 5 in Long Blades
  1974 | D:2      | XOM: god gift: fuming blue potion
  2038 | D:3      | XOM: god gift: 11 gold pieces
  2098 | D:3      | Reached XP level 5. HP: 39/41 MP: 7/7
  2101 | D:3      | XOM: divination: detect creatures
  2131 | D:3      | XOM: divination: detect items
  2311 | D:3      | Found a bloodstained altar of Trog.
  2365 | D:3      | Reached skill level 6 in Long Blades
  2514 | D:3      | Found a glowing silver altar of Zin.
  2734 | D:4      | Reached XP level 6. HP: 41/47 MP: 8/8
  2842 | D:4      | XOM: silly message
  2897 | D:4      | XOM: vitrification
  3344 | D:4      | Noticed frag's ghost (average HOBe)
  3400 | D:4      | XOM: vitrification
  3458 | D:5      | Entered Level 5 of the Dungeon
  3536 | D:5      | XOM: summons friendly crimson imp
  3543 | D:5      | Reached skill level 7 in Long Blades
  3543 | D:5      | Reached XP level 7. HP: 45/52 MP: 9/9
  3852 | D:5      | XOM: enchant monster (good)
  3857 | D:5      | XOM: cast spell 'Conjure Ball Lightning'
  3858 | D:5      | Reached skill level 8 in Long Blades
  3868 | D:5      | XOM: chaos upgrade
  4053 | D:4      | XOM: summons 5 friendly demons
  4059 | D:4      | XOM: harmless Trmt miscast
  4074 | D:4      | Killed frag's ghost
  4311 | D:5      | Noticed a blink frog
  4311 | D:5      | an ogre changed into a blink frog
  4311 | D:5      | XOM: polymorph ogre -> blink frog
  4318 | D:5      | a blink frog changed into a dwarf
  4318 | D:5      | XOM: polymorph blink frog -> dwarf
  4332 | D:5      | XOM: polymorph dwarf -> boggart
  4626 | D:5      | XOM: polymorph boggart -> killer bee
  4856 | D:5      | XOM: noise
  4867 | D:6      | XOM: colour smoke trail
  4883 | D:6      | Found a staircase to the Ecumenical Temple.
  4921 | D:6      | XOM: silly message
  4950 | D:5      | XOM: harmless Pois miscast
  5052 | D:6      | Reached skill level 9 in Long Blades
  5052 | D:6      | Reached XP level 8. HP: 34/58 MP: 11/11
  5095 | D:6      | XOM: divination: detect creatures
  5348 | D:6      | Noticed Edmund
  5371 | D:6      | XOM: fog
  5379 | D:6      | XOM: fog
  5505 | D:5      | XOM: give mutations
  5505 | D:5      | Gained mutation: You are covered in fur (AC +1). [Xom's grace]
  5505 | D:5      | Gained mutation: You are partially covered in thin metallic scales (AC +2). [Xom's grace]
  5735 | D:6      | XOM: swap monsters
  5860 | D:6      | Killed Edmund
  6213 | D:7      | XOM: cast spell 'Summon Horrible Things'
  6217 | D:7      | Reached skill level 10 in Long Blades
  6285 | D:7      | XOM: vitrification
  6452 | D:7      | Noticed Eustachio
  6494 | D:7      | Reached XP level 9. HP: 60/64 MP: 12/12
  6498 | D:7      | XOM: summons friendly ufetubus
  6525 | D:7      | XOM: mild Ice miscast
  6588 | D:7      | Found a radiant altar of Vehumet.
  6613 | D:7      | Killed Eustachio
  6613 | D:7      | Reached skill level 11 in Long Blades
  6626 | D:7      | Found an iron altar of Okawaru.
  6786 | D:8      | Found Guyteaj's Antique Armour Shoppe.
  6790 | D:8      | Bought a glowing cloak for 135 gold pieces
  6801 | D:8      | XOM: harmless Tloc miscast
  6871 | D:8      | XOM: mild Fire miscast
  6872 | D:8      | Noticed a fire vortex
  6898 | D:8      | XOM: mild Erth miscast
  7073 | D:8      | Found a sparkling altar of Nemelex Xobeh.
  7073 | D:8      | Found a deep blue altar of Sif Muna.
  7170 | D:8      | XOM: severe Trmt miscast
  7297 | D:8      | Noticed Erolcha
  7312 | D:8      | Killed Erolcha
  7312 | D:8      | Reached skill level 12 in Long Blades
  7707 | D:8      | XOM: colour smoke trail
  7716 | D:8      | XOM: harmless Tloc miscast
  7959 | D:9      | XOM: harmless Air miscast
  8130 | D:9      | XOM: mild Divn miscast
  8221 | D:9      | XOM: severe Summ miscast
  8222 | D:9      | Noticed a worldbinder
  8225 | D:9      | Noticed an ironheart preserver
  8225 | D:9      | Noticed a yaktaur
  8229 | D:9      | Noticed a yaktaur
  8230 | D:9      | Noticed a vault sentinel
  8230 | D:9      | You fall through a shaft!
  8230 | D:10     | Entered Level 10 of the Dungeon
  8298 | D:10     | XOM: mild Tloc miscast
  8316 | D:10     | Reached XP level 10. HP: 51/70 MP: 13/13
  8331 | D:10     | XOM: silly message
  8455 | D:10     | Reached skill level 13 in Long Blades
  8485 | D:10     | XOM: divination: magic mapping
  8504 | D:10     | Found Meggep's Book Boutique.
  8527 | D:10     | Noticed a hill giant
  8623 | D:10     | XOM: silly message
  8667 | D:10     | XOM: potion effect (agility)
  8670 | D:9      | Found Zaon's Book Boutique.
  8671 | D:9      | XOM: potion effect (agility)
  8673 | D:9      | You fall through a shaft!
  8972 | D:10     | Noticed a centaur zombie
  9010 | D:10     | XOM: divination: magic mapping
  9042 | D:10     | XOM: noise
  9088 | D:10     | Found a staircase to the Orcish Mines.
  9088 | D:10     | XOM: harmless Hex miscast
  9120 | D:10     | XOM: silly message
  9169 | D:10     | XOM: enchant monster (good)
  9188 | D:10     | Killed a centaur zombie
  9293 | D:10     | XOM: confusion
  9374 | D:10     | Found a staircase to the Lair.
  9406 | D:10     | Noticed a hill giant
  9441 | D:9      | Reached skill level 14 in Long Blades
  9685 | D:10     | Killed a hill giant
  9685 | D:10     | Reached skill level 4 in Fighting
  9751 | D:10     | XOM: harmless Tloc miscast
  9787 | D:10     | Noticed a centaur skeleton
  9798 | D:10     | Killed a centaur skeleton
  9798 | D:10     | Reached skill level 5 in Fighting
  9947 | D:10     | XOM: god gift: 18 stones
 10044 | D:10     | Noticed a komodo dragon
 10085 | D:9      | Reached skill level 6 in Fighting
 10380 | D:9      | XOM: cast spell 'Cause Fear'
 10414 | D:9      | XOM: divination: detect items
 10512 | D:9      | Noticed a troll
 10529 | D:9      | Killed a troll
 10745 | D:9      | Reached skill level 7 in Fighting
 10781 | D:9      | Reached XP level 11. HP: 78/85 MP: 15/15
 10788 | D:9      | Reached skill level 8 in Fighting
 10796 | D:9      | XOM: colour smoke trail
 10954 | D:9      | XOM: god gift: leather armour {god gift}
 11221 | D:9      | XOM: summons friendly ufetubus
 11268 | D:9      | HP: 3/87 [hill giant/giant club (16)]
 11488 | D:10     | XOM: give mutations
 11488 | D:10     | Gained mutation: You are dopey. (Int -2) [Xom's mischief]
 11488 | D:10     | Gained mutation: You can spit poison. [Xom's mischief]
 11488 | D:10     | Gained mutation: You possess an exceptional clarity of mind. [Xom's mischief]
 11752 | D:10     | XOM: summons friendly quasit
 12086 | D:10     | XOM: potion effect (invisibility)
 12087 | D:10     | XOM: summons 9 friendly demons
 12109 | D:10     | Killed a komodo dragon
 12109 | D:10     | Reached skill level 9 in Fighting
 12332 | D:10     | Noticed a brown ugly thing
 12355 | D:10     | Killed a brown ugly thing
 12355 | D:10     | Reached skill level 2 in Dodging
 12616 | D:11     | XOM: stealth player
 12630 | D:10     | Reached skill level 3 in Dodging
 12705 | D:10     | XOM: enchant monster (bad)
 12922 | D:11     | Reached skill level 4 in Dodging
 12922 | D:11     | XOM: scenery: create altars
 13036 | D:11     | XOM: give mutations
 13036 | D:11     | Gained mutation: Your system is resistant to poisons. [Xom's grace]
 13036 | D:11     | Gained mutation: You are resistant to hostile enchantments. [Xom's grace]
 13138 | D:11     | XOM: mild Air miscast
 13156 | D:11     | Noticed a cyan ugly thing
 13172 | D:11     | XOM: blink monster(s)
 13526 | D:11     | Noticed a cyclops
 13633 | D:11     | Reached skill level 5 in Dodging
 13708 | D:11     | Killed a cyclops
 13708 | D:11     | XOM: divine lightning
 13788 | D:11     | XOM: butterfly on damage
 13856 | D:11     | XOM: mild Pois miscast
 13888 | D:11     | XOM: give mutations
 13888 | D:11     | Lost mutation: You are dopey. (Int -2) [Xom's mischief]
 13888 | D:11     | Lost mutation: You are covered in fur (AC +1). [Xom's mischief]
 13888 | D:11     | Gained mutation: You are weak. (Str -2) [Xom's mischief]
 13888 | D:11     | Lost mutation: You can spit poison. [Xom's mischief]
 13939 | D:11     | HP: 2/89 [troll (11)]
 13939 | D:11     | Mangled by a troll

Vanquished Creatures
  Erolcha (D:8)
  A hill giant (D:10)
  An ugly thing (D:10)
  A centaur zombie (D:10)
  A centaur skeleton (D:10)
  A komodo dragon (D:10)
  A troll (D:9)
  7 yaks
  A shadow (D:11)
  The ghost of frag the Skirmisher, an average HOBe of Trog (D:4)
  A trapdoor spider (D:8)
  Eustachio (D:7)
  A hippogriff (D:11)
  Edmund (D:6)
  2 orc warriors
  3 ice beasts
  A swamp drake (D:10)
  2 phantoms
  A wasp (D:10)
  A sky beast (D:10)
  A necrophage (D:10)
  6 ogres
  5 centaurs
  2 big kobolds
  2 giant frogs
  2 scorpions
  A killer bee (D:5)
  A goliath beetle (D:6)
  3 giant frog zombies
  6 crimson imps
  3 hounds
  3 quasits
  A giant frog skeleton (D:5)
  2 iguanas (D:10)
  6 orc wizards
  An orc priest (D:9)
  6 worker ants
  A sheep (D:10)
  A hound zombie (D:9)
  A hound skeleton (D:5)
  2 worker ant zombies
  Robin (D:2)
  16 adders
  A river rat (D:7)
  2 shadow imps
  A giant mite (D:7)
  A worm (D:2)
  An ufetubus (D:4)
  6 giant geckos
  32 orcs
  10 bats
  A bat skeleton (D:5)
  9 goblins
  19 hobgoblins
  19 jackals
  23 kobolds
  3 quokkas
  A ball python (D:3)
  4 giant cockroaches
  7 giant newts
  A giant spore (D:7)
  12 rats
  9 ballistomycetes (D:9)
265 creatures vanquished.

Vanquished Creatures (collateral kills)
  A human (D:7)
  6 yaks
  A hog (D:7)
  An orc warrior (D:9)
  2 sheep (D:7)
  4 orcs
  A kobold (D:7)
  A quokka (D:7)
  A ballistomycete (D:7)
18 creatures vanquished.

Vanquished Creatures (others)
  A cyclops (D:11)
  A large abomination (D:7)
  2 ball lightnings (D:5)
  2 quasits (D:10)
  An orc priest (D:10)
  3 white imps (D:4)
  2 ufetubi
  A giant gecko zombie (D:4)
  A giant spore (D:9)
14 creatures vanquished.

Grand Total: 297 creatures vanquished
